 Dungeon Sprint DCSS version 0.20-a0-40-gb6e7b4f (webtiles) character file.

7782 esc the Thaumaturge (level 11, -2/71 (72) HPs)
             Began as a Deep Elf Fire Elementalist on Nov 11, 2016.
             Was the Champion of Vehumet.
             Slain by a 12-headed hydra (9 damage)
             ... while paralysed by a floating eye
             ... in the Dungeon (Sprint I: "Red Sonja").
             The game lasted 00:16:33 (3228 turns).

esc the Thaumaturge (Deep Elf Fire Elementalist)    Turns: 3228, Time: 00:16:33

HP:   -2/71 (72)    AC:  7    Str:  5    XL:     11   Next: 1%
MP:   28/31         EV:  2    Int: 24    God:    Vehumet [******]
Gold: 205           SH:  0    Dex: 15    Spells: 5 memorised, 20 levels left

rFire  . . .     SeeInvis .     m - +1 short sword (distort) {!w}
rCold  . . .     Gourm    .     h - +3 leather armour {rN+}
rNeg   + . .     Faith    .     n - +1 buckler {rPois}
rPois  +         Spirit   .     (no helmet)
rElec  .         Reflect  .     p - +0 cloak (curse)
rCorr  .         Harm     .     (no gloves)
MR     +....     NoTele   +     (no boots)
Stlth  ++........               (no amulet)
                                (no ring)
                                (no ring)

@: paralysed, studying Fire Magic
A: no striking features
a: Renounce Religion


You were in the Dungeon.
You worshipped Vehumet.
Vehumet was exalted by your worship.
You were not hungry.

You visited 1 branch You collected 1471 gold pieces.
You spent 1266 gold pieces at shops.

Inventory:

Hand Weapons
 l - a +0 blowgun
   (You took it off Sonja in the Dungeon)
 m - a +1 short sword of distortion (weapon) {!w}
   (You took it off Sonja in the Dungeon)
Missiles
 k - 9 curare-tipped needles
Armour
 h - a +3 leather armour of positive energy (worn)
   (You took it off Ijyb in the Dungeon)
 n - a +1 buckler of poison resistance (worn)
   (You bought it in a shop in the Dungeon)
 p - a cursed +0 cloak (worn)
   (You found it in the Dungeon)
Scrolls
 i - a scroll of blinking {!r}
 o - a scroll of remove curse {unknown}
 r - a scroll of identify {unknown}
Potions
 a - a potion of agility {unknown}
 d - 3 potions of curing
 e - a potion of heal wounds
 g - 2 potions of magic
Books
 b - a book of Flames
 q - a manual of Fire Magic {!d}
   (You bought it in a shop in the Dungeon)
Comestibles
 c - 6 chunks of flesh {@w0}
 j - a meat ration {@e2}


   Skills:
 + Level 9.9 Fighting
 - Level 2.1 Armour
 + Level 13.8 Dodging
 - Level 2.4 Stealth
 - Level 4.4 Shields
 + Level 14.9 Spellcasting
 + Level 12.7 Conjurations
 + Level 13.7 Fire Magic


You had 20 spell levels left.
You knew the following spells:

 Your Spells              Type           Power        Failure   Level  Hunger
a - Flame Tongue          Conj/Fire      #####        1%          1    None
b - Bolt of Fire          Conj/Fire      ######....   1%          6    ####...
f - Fireball              Conj/Fire      ######....   1%          5    ##.....
s - Sticky Flame          Conj/Fire      ######..     1%          4    None
x - Mephitic Cloud        Conj/Pois/Air  #####...     1%          3    None


Dungeon Overview and Level Annotations

Branches:
Dungeon (1/1)

Altars:
Cheibriados
Dithmenos
Elyvilon
Fedhas
Gozag
Hepliaklqana
Kikubaaqudgha
Makhleb
Nemelex Xobeh
Okawaru
Qazlal
Ru
Sif Muna
Trog
Uskayaw
Vehumet
Xom
Yredelemnul
Zin
The Shining One
Jiyva
Lugonu

Shops:
D [(*[?%(([:?!!(*[}


Message History

You feel your power returning.
You regained 2 mp, and now have 25/30 mp.
There is an open door, spattered with blood here.
There is an open door here.
You see here a hog corpse.
You butcher the hog corpse.
c - 4 chunks of flesh {@w0} (gained 2)
There is an open door here.
You see here a hog corpse.
You butcher the hog corpse.
c - 5 chunks of flesh {@w0} (gained 1)
Things that are here:
a dagger; a robe
There is an open door, spattered with blood here.
Things that are here:
a dagger; a robe
Okay, then.
Aim: a hog (hasn't noticed you)
The bolt of fire hits the hog.
The hog squeals angrily.
You now have 22/30 mp.
You closely miss the hog. The hog completely misses you.
You block the hog's attack.
You hit the hog but do no damage.
The hog looks slightly unstable.
The hog misses you.
You hit the hog.
The hog blinks!
You hit the hog.
The hog blinks!
The hog disappears!
You see here a hog corpse.
You butcher the hog corpse.
c - 6 chunks of flesh {@w0} (gained 1)
There is an open door here.
You see here a hog corpse.
You butcher the hog corpse.
c - 9 chunks of flesh {@w0} (gained 3)
There is an open door here.
There is an open door here.
You start resting.
You regained 5 hp, and now have 60/67 hp.
MP restored: 30 The hog bites you.
You take 3 damage, and have 57/67 hp.
Aim: a hog (purple smoke)
The sticky flame hits the hog.
The hog is covered in liquid flames!
The hog burns!
You now have 26/30 mp.
The hog burns!
There is an open door here.
The hog burns!
You block the hog's attack.
The hog burns!
There is an open door here.
The hog burns!
The hog burns!
You kill the hog!
Vehumet accepts your kill.
You feel your power returning.
You have reached level 11!
You regained 3 hp, and now have 61/71 hp.
MP restored: 31
There is an open door here.
You start resting.
Some of the chunks of flesh in your inventory have rotted away.
Health restored: 71
There is an open door here.
Really walk into a travel-excluded area?
Really walk into a travel-excluded area?
Okay, then.
Really walk into a travel-excluded area?
There is an open door here.
Some of the chunks of flesh in your inventory have rotted away.
As you open the door, it creaks loudly!
A hydra and a floating eye come into view.
The 12-headed hydra roars!
The floating eye's view fixates on you.
Aim: a 12-headed hydra The sticky flame hits the 12-headed hydra.
The 12-headed hydra is covered in liquid flames!
The 12-headed hydra burns!
The 12-headed hydra bites you! The 12-headed hydra closely misses you.
The 12-headed hydra barely misses you.
The 12-headed hydra bites you! x2; The 12-headed hydra bites you. x3
You block the 12-headed hydra's attack. x2
The 12-headed hydra bites you but does no damage.
The 12-headed hydra bites you!
* * * LOW HITPOINT WARNING * * *
You take 53 damage, and have 18/71 hp.
MASSIVE DAMAGE!!
You now have 27/31 mp.
Okay, then.
The 12-headed hydra burns!
The floating eye gazes piercingly through you!
You suddenly lose the ability to move!
The 12-headed hydra burns!
The floating eye seems to glare at you. The 12-headed hydra bites you!
* * * LOW HITPOINT WARNING * * *
The 12-headed hydra bites you but does no damage.
The 12-headed hydra bites you.
* * * LOW HITPOINT WARNING * * *
The 12-headed hydra bites you but does no damage.
The 12-headed hydra bites you!
You die...

######################
...#([#§§..'.§§§@DG.$#
...##'#§####§§§§.##$.+
...'..#§# ##.§§## ##
####§.§.# ###+#
§.##+#### ..# .§#
#'### #.'.#


You could see a 12-headed hydra (burning) and a floating eye.

Vanquished Creatures
  A centaur warrior (D)
  Sonja (D)
  2 unseen horrors (D)
  A deep troll (D)
  An oklob plant (D)
  2 kobold demonologists (D)
  A demonic crawler (D)
  A hornet (D)
  A slime creature (D)
  2 redbacks (D)
  Sigmund (D)
  A yak (D)
  12 hogs (D)
  2 floating eyes (D)
  7 necrophages (D)
  An ogre (D)
  7 jellies (D)
  Ijyb (D)
  2 ballistomycetes (D)
47 creatures vanquished.

Vanquished Creatures (others)
  A centaur warrior (D)
  A gargoyle (D)
  A demonic crawler (D)
  A jelly (D)
  2 ballistomycete spores (D)
6 creatures vanquished.

Grand Total: 53 creatures vanquished

Notes
Turn   | Place    | Note
-------+----------+-------------------------------------------
     0 | D        | esc the Deep Elf Fire Elementalist began the quest for the Orb.
     0 | D        | Reached XP level 1. HP: 10/10 MP: 6/6
     1 | D        | Noticed Ijyb
    29 | D        | HP: 2/15 [Ijyb (2)]
    33 | D        | Killed Ijyb
    33 | D        | Reached skill level 1 in Fighting
    33 | D        | Reached skill level 3 in Dodging
    33 | D        | Reached skill level 4 in Spellcasting
    33 | D        | Reached skill level 2 in Conjurations
    33 | D        | Reached skill level 4 in Fire Magic
    33 | D        | Reached XP level 2. HP: 1/17 MP: 0/9
    41 | D        | Killed a gargoyle
   330 | D        | Noticed an ogre
   333 | D        | Killed an ogre
   333 | D        | Reached skill level 2 in Fighting
   333 | D        | Reached skill level 2 in Armour
   333 | D        | Reached skill level 5 in Dodging
   333 | D        | Reached skill level 5 in Spellcasting
   333 | D        | Reached skill level 4 in Conjurations
   333 | D        | Reached skill level 5 in Fire Magic
   333 | D        | Reached XP level 3. HP: 22/22 MP: 7/12
   333 | D        | Reached XP level 4. HP: 27/27 MP: 7/13
   383 | D        | Learned a level 4 spell: Sticky Flame
   383 | D        | Noticed Sigmund
   388 | D        | Killed Sigmund
   388 | D        | Reached skill level 4 in Fighting
   388 | D        | Reached skill level 6 in Dodging
   388 | D        | Reached skill level 7 in Spellcasting
   388 | D        | Reached skill level 5 in Conjurations
   388 | D        | Reached skill level 6 in Fire Magic
   388 | D        | Reached XP level 5. HP: 26/33 MP: 6/17
   468 | D        | Found a deep blue altar of Sif Muna.
   470 | D        | Found a radiant altar of Vehumet.
   473 | D        | Reached skill level 7 in Dodging
   473 | D        | Reached skill level 6 in Conjurations
   473 | D        | Reached skill level 7 in Fire Magic
   473 | D        | Reached XP level 6. HP: 39/39 MP: 15/18
   489 | D        | Became a worshipper of Vehumet
   491 | D        | Found Ruuzown's Antique Weapon Emporium.
   491 | D        | Found an ancient bone altar of Kikubaaqudgha.
   491 | D        | Found a stormy altar of Qazlal.
   491 | D        | Found a blossoming altar of Fedhas.
   491 | D        | Found a bloodstained altar of Trog.
   491 | D        | Found an iron altar of Okawaru.
   491 | D        | Found a glowing golden altar of the Shining One.
   491 | D        | Found a glowing silver altar of Zin.
   491 | D        | Found a white marble altar of Elyvilon.
   491 | D        | Noticed a yak
   497 | D        | Found a hazy altar of Hepliaklqana.
   497 | D        | Found a hide-covered altar of Uskayaw.
   498 | D        | Killed a yak
   498 | D        | Reached skill level 5 in Fighting
   498 | D        | Reached skill level 8 in Spellcasting
   500 | D        | Found a sacrificial altar of Ru.
   504 | D        | Found a basalt altar of Yredelemnul.
   504 | D        | Found an opulent altar of Gozag.
   504 | D        | Found a snail-covered altar of Cheibriados.
   504 | D        | Found a shadowy altar of Dithmenos.
   519 | D        | Found a sparkling altar of Nemelex Xobeh.
   565 | D        | Found a viscous altar of Jiyva.
   565 | D        | Found a corrupted altar of Lugonu.
   565 | D        | Noticed a slime creature
   567 | D        | Found a burning altar of Makhleb.
   567 | D        | Found a shimmering altar of Xom.
   578 | D        | Killed a slime creature
   578 | D        | Reached skill level 8 in Dodging
   578 | D        | Reached skill level 9 in Spellcasting
   578 | D        | Reached skill level 7 in Conjurations
   578 | D        | Reached skill level 8 in Fire Magic
   578 | D        | Reached XP level 7. HP: 44/44 MP: 7/22
   594 | D        | Learned a level 5 spell: Fireball
   674 | D        | Noticed a kobold demonologist
   675 | D        | Noticed a kobold demonologist
   675 | D        | Paralysed by a floating eye for 4 turns
   679 | D        | Noticed a neqoxec
   679 | D        | Noticed a rust devil
   684 | D        | Reached * piety under Vehumet
   684 | D        | Offered knowledge of Shock by Vehumet.
   684 | D        | Reached skill level 9 in Dodging
   692 | D        | Killed a kobold demonologist
   692 | D        | Reached skill level 6 in Fighting
   692 | D        | Reached skill level 10 in Spellcasting
   692 | D        | Reached skill level 8 in Conjurations
   692 | D        | Reached skill level 9 in Fire Magic
   693 | D        | Noticed a soul eater
   695 | D        | Noticed a soul eater
   696 | D        | Killed a kobold demonologist
   696 | D        | Reached XP level 8. HP: 46/52 MP: 2/24
   822 | D        | Noticed Sonja
   828 | D        | Killed Sonja
   828 | D        | Reached ** piety under Vehumet
   828 | D        | Reached skill level 7 in Fighting
   828 | D        | Reached skill level 10 in Dodging
   828 | D        | Reached skill level 11 in Spellcasting
   828 | D        | Reached skill level 9 in Conjurations
   828 | D        | Reached skill level 10 in Fire Magic
   984 | D        | Noticed a deep troll
   999 | D        | Killed a deep troll
   999 | D        | Offered knowledge of Searing Ray by Vehumet.
   999 | D        | Reached skill level 11 in Dodging
   999 | D        | Reached skill level 12 in Spellcasting
   999 | D        | Reached skill level 10 in Conjurations
   999 | D        | Reached XP level 9. HP: 31/59 MP: 24/27
  1009 | D        | Found Bodghyen's Armour Emporium.
  1016 | D        | Bought a +1 buckler of poison resistance for 162 gold pieces
  1431 | D        | Noticed a centaur warrior
  1432 | D        | Noticed a centaur warrior
  1438 | D        | Killed a centaur warrior
  1438 | D        | Reached skill level 8 in Fighting
  1438 | D        | Reached skill level 2 in Shields
  1438 | D        | Reached skill level 11 in Fire Magic
  1584 | D        | Offered knowledge of Mephitic Cloud by Vehumet.
  1589 | D        | Learned a level 3 spell: Mephitic Cloud
  1653 | D        | Noticed an oklob plant
  1660 | D        | Killed an oklob plant
  1660 | D        | Reached *** piety under Vehumet
  1660 | D        | Reached skill level 12 in Dodging
  1660 | D        | Reached skill level 3 in Shields
  1660 | D        | Reached skill level 13 in Spellcasting
  1660 | D        | Reached skill level 11 in Conjurations
  1871 | D        | Offered knowledge of Fulminant Prism by Vehumet.
  2021 | D        | Noticed an unseen horror
  2029 | D        | Killed an unseen horror
  2029 | D        | Reached XP level 10. HP: 58/65 MP: 18/29
  2084 | D        | Noticed an unseen horror
  2088 | D        | Killed an unseen horror
  2088 | D        | Reached **** piety under Vehumet
  2088 | D        | Offered knowledge of Throw Icicle by Vehumet.
  2088 | D        | Reached skill level 9 in Fighting
  2088 | D        | Reached skill level 4 in Shields
  2088 | D        | Reached skill level 12 in Fire Magic
  2143 | D        | Reached ***** piety under Vehumet
  2179 | D        | Reached skill level 13 in Dodging
  2179 | D        | Reached skill level 14 in Spellcasting
  2187 | D        | Killed a centaur warrior
  2281 | D        | Found Eqekyec's Armour Shoppe.
  2281 | D        | Found Siuwk's Assorted Antiques.
  2281 | D        | Found Veiloquj's Magic Scroll Boutique.
  2284 | D        | Found Mapniot's Food Emporium.
  2284 | D        | Found Neuganyi's Weapon Shop.
  2284 | D        | Found Godic's Antique Weapon Shoppe.
  2284 | D        | Found Sechocat's Antique Armour Boutique.
  2284 | D        | Found Ydafrak's Book Emporium.
  2284 | D        | Found Fajaurph's Magic Scroll Shop.
  2284 | D        | Found Cuena's Distillery.
  2288 | D        | Found Ifaecewa's Distillery.
  2289 | D        | Found Naucsais's General Store.
  2289 | D        | Found Uckowail's Antique Weapon Boutique.
  2290 | D        | Found Waroax's Gadget Emporium.
  2304 | D        | Bought a manual of Fire Magic for 1104 gold pieces
  2344 | D        | Found Piobufoo's Armour Boutique.
  2401 | D        | Reached skill level 12 in Conjurations
  2416 | D        | Offered knowledge of Yara's Violent Unravelling by Vehumet.
  2804 | D        | Noticed a lindwurm
  2967 | D        | Reached ****** piety under Vehumet
  2967 | D        | Reached skill level 13 in Fire Magic
  3011 | D        | Offered knowledge of Bolt of Fire by Vehumet.
  3024 | D        | Learned a level 6 spell: Bolt of Fire
  3166 | D        | Reached XP level 11. HP: 61/71 MP: 31/31
  3225 | D        | Noticed a 12-headed hydra
  3227 | D        | Paralysed by a floating eye for 4 turns
  3228 | D        | HP: 12/71 [12-headed hydra (7)]
  3228 | D        | Slain by a 12-headed hydra

Vault maps used:
D:        dungeon_sprint_1

Skill      XL: |  1  2  3  4  5  6  7  8  9 10 |
---------------+-------------------------------+-----
Fighting       | 1 2 4 5 6 7 8 9 |  9.9
Dodging        | 3 5 6 7 8 9 11 12 13 | 13.8
Spellcasting   | 4 5 7 9 10 12 13 14 | 14.9
Conjurations   | 2 4 5 6 7 8 10 11 12 | 12.7
Fire Magic     | 4 5 6 7 8 9 10 11 13 | 13.7
Armour         | 2 |  2.1
Shields        | 3 4 |  4.4
Stealth        | |  2.4

Action                   |  1- 3 |  4- 6 |  7- 9 | 10-12 || total
-------------------------+-------+-------+-------+-------++-------
Melee: Unarmed           |    23 |       |       |       ||    23
       Whip              |       |       |    11 |       ||    11
       Short sword       |       |       |    15 |    30 ||    45
 Cast: Flame Tongue      |    10 |    11 |     5 |     2 ||    28
       Sticky Flame      |       |     5 |    22 |    30 ||    57
       Fireball          |       |       |       |     6 ||     6
       Bolt of Fire      |       |       |       |     1 ||     1
  Use: Potion            |     1 |       |       |     1 ||     2
  Eat: Bread ration      |       |       |     1 |     1 ||     2
       Beef jerky        |       |       |       |     1 ||     1
Armor: Robe              |     5 |       |       |       ||     5
       Leather armour    |       |       |     9 |    14 ||    23
Dodge: Dodged            |    17 |     6 |    45 |    63 ||   131
Block: Buckler           |       |       |     6 |    29 ||    35

Vault maps used:
D:        dungeon_sprint_1

Table legend:
 A = Turns spent in this place as a percentage of turns spent in the entire game.
 B = Non-inter-level travel turns spent in this place as a percentage of non-inter-level travel turns spent in the entire game.
 C = Inter-level travel turns spent in this place as a percentage of turns spent in this place.
 D = Turns resting spent in this place as a percentage of non-inter-level travel turns spent in this place.
 E = Turns spent auto-exploring this place as a percentage of non-inter-level travel turns spent in this place.
 F = Non-inter-level travel turns spent in this place divided by the number of levels of this place that you've seen.
                   A       B       C       D       E      F
               +-------+-------+-------+-------+-------+----------------------
         Total | 100.0 | 100.0 |   0.0 |   7.0 |   0.1 | 982.0
       Dungeon | 100.0 | 100.0 |   0.0 |   7.0 |   0.1 | 982.0
               +-------+-------+-------+-------+-------+----------------------

Table legend:
 A = Kills in this place as a percentage of kills in entire the game.
 B = Kills by you in this place as a percentage of kills by you in the entire game.
 C = Kills by friends in this place as a percentage of kills by friends in the entire game.
 D = Other kills in this place as a percentage of other kills in the entire game.
 E = Experience gained in this place as a percentage of experience gained in the entire game.
 F = Experience gained in this place divided by the number of levels of this place that you have seen.
                   A       B       C       D       E      F
               +-------+-------+-------+-------+-------+----------------------
         Total | 100.0 | 100.0 |  -nan | 100.0 | 100.0 | 11118.0
       Dungeon | 100.0 | 100.0 |  -nan | 100.0 | 100.0 | 11118.0
               +-------+-------+-------+-------+-------+----------------------
